 Dungeon Crawl Stone Soup version 0.19.5 (webtiles) character file.

145 Gargoyl the Skirmisher (level 5, -10/46 HPs)
             Began as a Ghoul Abyssal Knight on Mar 28, 2017.
             Was a Believer of Lugonu.
             Mangled by Robin
             ... wielding a +2 dagger of electrocution
              (19 damage)
             ... on level 3 of the Dungeon.
             The game lasted 00:06:43 (2080 turns).

Gargoyl the Skirmisher (Ghoul Abyssal Knight)       Turns: 2080, Time: 00:06:44

Health: -10/46     AC:  6    Str: 16    XL:     5   Next: 27%
Magic:  6/6        EV: 14    Int:  7    God:    Lugonu [**....]
Gold:   244        SH:  4    Dex: 14    Spells: 0 memorised, 4 levels left

rFire  . . .     SeeInvis .     p - +0 war axe
rCold  + . .     Gourm    .     h - +0 scale mail
rNeg   + + +     Faith    .     d - +1 buckler
rPois  ∞         Spirit   .     (no helmet)
rElec  .         Reflect  .     (no cloak)
rCorr  +         Harm     .     (no gloves)
MR     .....                    (no boots)
Stlth  +.........               (no amulet)
                                (no ring)
                                f - ring of resist corrosion

@: agile, rotting
A: rotting body, claws 1, carnivore 3, cold resistance 1, negative energy
resistance 3, slow regeneration 1, torment resistance, unbreathing
a: Depart the Abyss, Bend Space, Renounce Religion


You were on level 3 of the Dungeon.
You worshipped Lugonu.
Lugonu was pleased with you.
You were not hungry.

You visited 1 branch of the dungeon, and saw 3 of its levels.
You visited the Abyss 1 time.

You collected 244 gold pieces.

Inventory:

Hand Weapons
 a - a +1 hand axe
 p - a +0 war axe (weapon)
Missiles
 i - 15 tomahawks (quivered)
Armour
 d - a +1 buckler (worn)
 h - a +0 scale mail (worn)
Jewellery
 f - a ring of resist corrosion (left claw)
Scrolls
 j - a scroll of amnesia
 n - 2 scrolls of teleportation
Potions
 e - a potion of curing {unknown}
 l - a potion of brilliance {unknown}
Comestibles
 c - 2 meat rations
 g - a royal jelly
 k - a slice of pizza
 m - 5 chunks of flesh
 o - a beef jerky


   Skills:
 + Level 3.8 Fighting
 + Level 2.6(2.7) Axes
   Level 0.3(1.6) Polearms
 * Level 3.1 Armour
 + Level 1.3 Dodging
 * Level 3.0 Invocations


You had 4 spell levels left.
You didn't know any spells.

Dungeon Overview and Level Annotations

Branches:
Dungeon (3/15)

Altars:
Ashenzari
Dithmenos
Fedhas
Kikubaaqudgha
Vehumet

Annotations:
D:3 Robin


Innate Abilities, Weirdness & Mutations

Your body is rotting away.
You thrive on raw meat.
You are immune to poison.
You have sharp fingernails.
You are carnivorous and can eat meat at any time.
Your flesh is cold resistant. (rC+)
You are immune to negative energy. (rN+++)
You regenerate slowly when monsters are visible.
You are immune to unholy pain and torment.
You can survive without breathing.


Message History

You barely miss Robin.
Robin is severely wounded.
Robin closely misses you.
You closely miss Robin.
Robin is severely wounded.
You block Robin's attack. Robin closely misses you.
Unknown command.
You hit Robin but do no damage.
Robin is severely wounded.
Robin closely misses you.
Unknown command.
You completely miss Robin.
Robin is severely wounded.
Robin misses you.
You hit Robin.
Robin is severely wounded.
Robin hits you with a dagger of electrocution.
* * * LOW HITPOINT WARNING * * *
You are electrocuted!
You die...

...........# .#.
#......## #.# ...
#....#..# #.# #######
...##....##.###.# .......
.........##.)##.# .......
.....#'#.###.##.# .......
...÷.#...# #))#.# .......
...<.########.#)##.......
.....#.........)@gg......
.......######.(†##.......
#+############..# ....%..
.........># .......
########### ....!..
....... ....... #+#####


You could see Robin and a hobgoblin.

Vanquished Creatures
  4 gnolls
  4 oozes
  A worm (D:2)
  6 dart slugs
  7 orcs (D:3)
  8 bats
  A giant cockroach (D:1)
  14 goblins
  9 hobgoblins
  5 frilled lizards
  2 kobolds
  8 rats
69 creatures vanquished.

Vanquished Creatures (others)
  6 starspawn tentacles (Abyss:3)
6 creatures vanquished.

Grand Total: 75 creatures vanquished

Notes
Turn   | Place    | Note
-------+----------+-------------------------------------------
     0 | Abyss:1  | Gargoyl the Ghoul Abyssal Knight began the quest for the Orb.
     0 | Abyss:1  | Reached XP level 1. HP: 19/19 MP: 1/1
     8 | Abyss:1  | Found an ancient bone altar of Kikubaaqudgha.
    47 | Abyss:2  | Found a corrupted altar of Lugonu.
    93 | Abyss:3  | Noticed a tentacled starspawn
   123 | Abyss:4  | Noticed a starcursed mass
   126 | D:1      | Escaped the Abyss
   664 | D:1      | Reached XP level 2. HP: 25/25 MP: 2/2
   677 | D:1      | Reached skill level 1 in Dodging
   751 | D:1      | Reached * piety under Lugonu
   858 | D:1      | Reached XP level 3. HP: 21/33 MP: 3/3
  1449 | D:2      | Reached XP level 4. HP: 39/40 MP: 5/5
  1769 | D:2      | Found a radiant altar of Vehumet.
  1769 | D:2      | Found a blossoming altar of Fedhas.
  1774 | D:2      | Found a shadowy altar of Dithmenos.
  1860 | D:2      | Found a shattered altar of Ashenzari.
  1879 | D:2      | Reached ** piety under Lugonu
  1933 | D:2      | Found an ancient bone altar of Kikubaaqudgha.
  1978 | D:3      | Reached XP level 5. HP: 40/46 MP: 6/6
  2040 | D:3      | Noticed Robin
  2080 | D:3      | Mangled by Robin

Skill      XL: |  1  2  3  4  5 |
---------------+----------------+-----
Dodging        | 1 |  1.3
Axes           | 2 |  2.6
Armour         | 2 3 |  3.1
Invocations    | 3 |  3.0
Fighting       | |  3.8
Polearms       | |  0.3

Action                   |  1- 3 |  4- 6 || total
-------------------------+-------+-------++-------
Melee: Hand axe          |    59 |    60 ||   119
       Spear             |    32 |    40 ||    72
       War axe           |       |    37 ||    37
Throw: Tomahawk          |       |     2 ||     2
Invok: Depart the Abyss  |     1 |       ||     1
  Use: Scroll            |     9 |     2 ||    11
       Potion            |       |     1 ||     1
  Eat: Chunk             |    19 |    21 ||    40
Armor: Leather armour    |    25 |       ||    25
       Scale mail        |    16 |    84 ||   100
Dodge: Dodged            |    45 |    91 ||   136
Block: Buckler           |    13 |    36 ||    49
